 Dungeon Crawl Stone Soup version 0.31-a0-1321-g5021b54cb2 (webtiles) character file.

Game seed: 7025692143086018674

25830 boo the Fighter (level 12, -2/112 HPs)
             Began as a Yellow Draconian Shapeshifter on Dec 11, 2023.
             Was a High Priest of Makhleb.
             Slain by a bullfrog (5 damage)
             ... on level 4 of the Lair of Beasts on Dec 21, 2023.
             The game lasted 00:38:17 (12234 turns).

boo the Fighter (Yellow Draconian Shapeshifter)    Turns: 12234, Time: 00:38:17

Health: -2/112     AC: 12    Str: 18    XL:     12   Next: 92%
Magic:  12/12      EV: 20    Int: 10    God:    Makhleb [*****.]
Gold:   1866       SH:  0    Dex: 21    Spells: 11/11 levels left

rFire   . .          .
                       - Unarmed
rCold   . . .        (no shield)
rNeg    . . .        (body armour unavailable)
rPois   .            q - melded +1 hat
rElec   .            (cloak currently unavailable)
rCorr   +            (gloves currently unavailable)
SInv    .            (boots currently unavailable)
Will    .....        i - amulet of regeneration
Stlth   ++           j - +6 ring of dexterity
HPRegen 1.18/turn    m - +4 ring of protection
MPRegen 0.13/turn

%: no passive effects
@: beast-form
A: beast (slay +4), spit acid, AC +8, unfitting armour, cold-blooded, acid
resistance
a: Breathe Acid, Begin Untransformation, Renounce Religion, Minor Destruction,
Lesser Servant of Makhleb, Major Destruction, Greater Servant of Makhleb


You were on level 4 of the Lair of Beasts.
You worshipped Makhleb.
Makhleb was extremely pleased with you.
You were a hulking beast.
You visited 3 branches of the dungeon, and saw 14 of its levels.

You collected 1866 gold pieces.

Inventory:

Missiles
 k - 3 throwing nets
Armour
 q - a +1 hat (melded)
 G - a +1 pair of gloves
 I - a +0 pair of boots
Jewellery
 g - a +6 ring of dexterity
 i - an amulet of regeneration (around neck)
 j - a +6 ring of dexterity (left hand)
 m - a +4 ring of protection (right hand)
 H - an amulet of magic regeneration
Talismans
 b - a beast talisman (active)
 c - a flux talisman
Wands
 s - a wand of digging (4)
 x - a wand of acid (23)
 z - a wand of charming (10)
Scrolls
 d - 3 scrolls of teleportation
 f - a scroll of summoning (quivered)
 o - 2 scrolls of fear
 t - 2 scrolls of poison {unknown}
 u - 4 scrolls of revelation
 v - a scroll of fog {unknown}
 y - a scroll of amnesia {unknown}
 B - 2 scrolls of vulnerability {unknown}
 C - a scroll of enchant weapon {unknown}
 E - a scroll of enchant armour {unknown}
 J - 4 scrolls of identify
Potions
 a - 3 potions of lignification
 e - a potion of cancellation {unknown}
 h - a potion of berserk rage {unknown}
 l - 5 potions of magic
 n - 8 potions of curing
 p - 2 potions of ambrosia {unknown}
 r - 2 potions of brilliance
 w - 2 potions of mutation {unknown}
 A - 2 potions of haste
 D - 4 potions of enlightenment {unknown}
 F - a potion of resistance {unknown}
 K - a potion of heal wounds


   Skills:
 + Level 12.2 Fighting
 + Level 10.4 Dodging
 + Level 11.6 Unarmed Combat
 + Level 10.7 Shapeshifting


You had 11 spell levels left.
You didn't know any spells.
Your spell library contained the following spells:

 Spells                   Type           Power      Damage    Failure   Level
 Sting                    Conj/Alch      0%         1d3       36%         1
 Call Imp                 Summ           0%         N/A       50%         2
 Cigotuvi's Dreadful Rot  Necr/Alch/Air  0%         N/A       50%         2
 Mercury Vapours          Alch/Air       0%         N/A       50%         2
 Sublimation of Blood     Necr           0%         N/A       50%         2
 Inner Flame              Hex/Fire       0%         N/A       75%         3
 Animate Dead             Necr           0%         N/A       98%         4
 Dispel Undead            Necr           0%         3d6       98%         4
 Olgreb's Toxic Radiance  Alch           0%         N/A       98%         4
 Irradiate                Conj/Alch      0%         3d11      100%        5
 Death Channel            Necr           0%         N/A       100%        6
 Haunt                    Necr/Summ      0%         N/A       100%        7
 Summon Hydra             Summ           0%         N/A       100%        7
 Ignition                 Fire           0%         3d3       100%        8
 Infestation              Necr           0%         N/A       100%        8


Dungeon Overview and Level Annotations

Branches:
Dungeon (9/15)             Temple (1/1) D:6            Lair (4/5) D:8
 Shoals (0/4) Lair:2       Spider (0/4) Lair:2          Orc (0/2) D:9
  Slime: Lair:4-5

Altars:
Ashenzari
Cheibriados
Dithmenos
Elyvilon
Fedhas
Gozag
Hepliaklqana
Kikubaaqudgha
Makhleb
Nemelex Xobeh
Okawaru
Qazlal
Ru
Sif Muna
Trog
Uskayaw
Vehumet
Wu Jian
Xom
Yredelemnul
Zin

Annotations:
D:3 exclusion: downstairs
D:6 exclusion: downstairs
Lair:2 exclusion: downstairs
Lair:3 exclusion: downstairs


Innate Abilities, Weirdness & Mutations

You are a hulking beast.
Your limbs bulge with bestial killing power. (Slay +4)
You can spit globs of acid.
Your golden yellow scales are hard. (AC +8)
You cannot fit into any form of body armour.
You are cold-blooded and may be slowed by cold attacks.
You are resistant to acid. (rCorr)


Message History

The bullfrog is engulfed in calcifying dust.
You punch the catoblepas!
The catoblepas is almost dead.
You are engulfed in calcifying dust.
The bullfrog is engulfed in calcifying dust. x2
The catoblepas gores you.
* * * LOW HITPOINT WARNING * * *
The bullfrog is engulfed in calcifying dust.
Your limbs are stiffening.
You punch the catoblepas!
You tail-slap the catoblepas, but do no damage.
The catoblepas is almost dead.
You are engulfed in calcifying dust.
Your limbs have turned to stone.
The catoblepas misses you.
You have turned to stone.
You are engulfed in calcifying dust.
The catoblepas gores you.
* * * LOW HITPOINT WARNING * * *
You are engulfed in calcifying dust.
The catoblepas gores you but does no damage.
The catoblepas gores you!
* * * LOW HITPOINT WARNING * * *
The catoblepas breathes a plume of calcifying dust at you.
The blast of calcifying dust hits you.
* * * LOW HITPOINT WARNING * * *
You are engulfed in calcifying dust.
The catoblepas breathes a plume of calcifying dust at you.
The blast of calcifying dust hits you but does no damage.
You are engulfed in calcifying dust.
The catoblepas gores you!!
* * * LOW HITPOINT WARNING * * *
You are engulfed in calcifying dust.
The catoblepas gores you!!
* * * LOW HITPOINT WARNING * * *
The catoblepas gores you.
* * * LOW HITPOINT WARNING * * *
You turn to flesh and can move again.
Unknown command.
You hit the catoblepas but do no damage.
You tail-slap the catoblepas, but do no damage.
The catoblepas is almost dead.
The bullfrog is no longer petrified.
The bullfrog barely misses you. The catoblepas completely misses you.
The bullfrog hits you.
You die...

. #### ## ..#.#.#
##.#####.
.......####.§[.....
.......#...<.......
..........§........
...................
#......Fh..[.......
#.....!Y<.......#.#
#....P##.......## #
###### #...#..##
#.#..### ##.### #


You could see a catoblepas and a bullfrog.

Vanquished Creatures
  Harold (Lair:2)
  A boulder beetle (Lair:3)
  5 death yaks
  A skyshark (Lair:2)
  Pikel (D:5)
  A black mamba (Lair:2)
  Jeremiah (D:6)
  3 torpor snails (Lair:3)
  10 cane toads
  2 komodo dragons
  Grinder (D:4)
  A troll (D:6)
  14 blink frogs
  A snapping turtle (Lair:2)
  35 yaks
  A water elemental (Lair:2)
  3 wyverns
  Eustachio (D:4)
  3 basilisks
  2 steam dragons
  Menkaure (D:4)
  5 water moccasins
  2 black bears
  3 orc warriors
  An ice beast (D:5)
  A swamp drake (D:9)
  5 ogres
  8 wolves
  5 centaurs
  A phantom (D:6)
  2 kobold brigands
  15 bullfrogs
  A gnoll sergeant (D:9)
  2 scorpions (D:5)
  11 wights
  16 killer bees
  3 howler monkeys
  4 hounds
  4 orc priests
  2 sleepcaps (D:6)
  4 gnoll boudas
  An iguana (D:4)
  Ijyb (D:4)
  6 orc wizards
  19 gnolls
  8 adders
  A shadow imp (D:8)
  A white imp (D:6)
  4 ufetubi
  2 worms
  4 dart slugs
  53 orcs
  8 endoplasms
  5 giant cockroaches
  5 goblins
  6 hobgoblins
  15 kobolds
  2 quokkas (D:2)
  11 ball pythons
  7 bats
  4 frilled lizards
  8 rats
355 creatures vanquished.

Vanquished Creatures (others)
  A jackal (D:3)
  A quokka (D:3)
2 creatures vanquished.

Grand Total: 357 creatures vanquished

Notes
Turn   | Place    | Note
-------+----------+-------------------------------------------
     0 | D:1      | boo the Draconian Shapeshifter began the quest for the Orb.
     0 | D:1      | Reached XP level 1. HP: 16/16 MP: 1/1
     0 | D:1      | Upgraded the game from 0.31-a0-1178-gc5c9b8f871 to
                  | 0.31-a0-1321-g5021b54cb2
   184 | D:1      | You fall into a shaft and drop 1 floor!
   306 | D:1      | Reached XP level 2. HP: 23/23 MP: 2/2
   867 | D:2      | Reached XP level 3. HP: 29/29 MP: 3/3
   943 | D:2      | Reached skill level 2 in Fighting
  1057 | D:2      | Reached XP level 4. HP: 34/36 MP: 4/4
  1825 | D:3      | Found a white marble altar of Elyvilon.
  1857 | D:3      | Found a faded altar of an unknown god.
  2464 | D:4      | Identified a scroll of acquirement
  2466 | D:4      | Acquired 1037 gold pieces
  2641 | D:4      | Noticed Menkaure
  2724 | D:4      | Noticed Grinder
  2730 | D:4      | Paralysed by Grinder for 4 turns
  2739 | D:4      | Killed Grinder
  2740 | D:4      | Reached skill level 3 in Fighting
  2740 | D:4      | Reached XP level 5. HP: 14/45 MP: 5/5
  2740 | D:4      | Reached XP level 6. HP: 16/51 MP: 6/6
  2821 | D:4      | Noticed Eustachio
  2833 | D:4      | Killed Eustachio
  2834 | D:4      | Reached skill level 4 in Fighting
  2894 | D:4      | Killed Menkaure
  2895 | D:4      | Your scales start taking on a golden yellow colour.
  2895 | D:4      | Reached XP level 7. HP: 59/60 MP: 7/7
  2895 | D:4      | Gained mutation: You are resistant to acid. (rCorr) [Yellow
                  | Draconian growth]
  3042 | D:4      | Reached skill level 5 in Unarmed Combat
  3086 | D:4      | Noticed Ijyb
  3094 | D:4      | Killed Ijyb
  3272 | D:5      | Entered Level 5 of the Dungeon
  3296 | D:5      | Noticed Pikel
  3336 | D:5      | Killed Pikel
  3337 | D:5      | Reached skill level 5 in Fighting
  3337 | D:5      | Reached skill level 5 in Shapeshifting
  3337 | D:5      | Reached XP level 8. HP: 22/69 MP: 8/8
  3396 | D:5      | Reached skill level 5 in Dodging
  3577 | D:5      | Found a hazy altar of Hepliaklqana.
  3577 | D:5      | Found a stormy altar of Qazlal.
  3850 | D:5      | Reached skill level 6 in Fighting
  4157 | D:6      | Noticed Jeremiah
  4226 | D:6      | Reached XP level 9. HP: 28/72 MP: 9/9
  4231 | D:6      | Killed Jeremiah
  4378 | D:6      | Reached skill level 7 in Fighting
  4554 | D:6      | Noticed a troll
  4567 | D:6      | Killed a troll
  4568 | D:6      | Found a staircase to the Ecumenical Temple.
  4597 | Temple   | Entered the Ecumenical Temple
  4639 | Temple   | Became a worshipper of Makhleb the Destroyer
  5415 | D:6      | Reached XP level 10. HP: 72/88 MP: 10/10
  5416 | D:6      | Reached skill level 8 in Fighting
  5445 | D:6      | Reached * piety under Makhleb
  6069 | D:8      | Found a staircase to the Lair.
  6527 | D:8      | Reached ** piety under Makhleb
  6906 | D:9      | Found a bloodstained altar of Trog.
  6972 | D:9      | Reached skill level 9 in Fighting
  7139 | D:9      | Reached *** piety under Makhleb
  7247 | D:9      | Found a staircase to the Orcish Mines.
  7923 | Lair:1   | Entered Level 1 of the Lair of Beasts
  7948 | D:8      | Reached XP level 11. HP: 39/97 MP: 11/11
  8282 | Lair:1   | Noticed a death yak
  8438 | Lair:1   | Noticed a death yak
  8438 | Lair:1   | Noticed a death yak
  8486 | Lair:1   | Killed a death yak
  8599 | Lair:1   | Reached **** piety under Makhleb
  8872 | Lair:1   | Killed a death yak
  8873 | Lair:1   | Reached skill level 10 in Fighting
  8878 | Lair:1   | Killed a death yak
  9055 | Lair:1   | Reached skill level 10 in Unarmed Combat
  9727 | Lair:2   | Noticed Harold
  9751 | Lair:2   | Killed Harold
  9798 | Lair:2   | Reached XP level 12. HP: 91/108 MP: 12/12
  9877 | Lair:2   | Reached skill level 11 in Fighting
 10262 | Lair:2   | Found a hole to the Spider Nest.
 10449 | Lair:2   | Found a staircase to the Shoals.
 10460 | Lair:2   | Reached ***** piety under Makhleb
 10717 | Lair:3   | Reached skill level 10 in Shapeshifting
 10962 | Lair:3   | Reached skill level 10 in Dodging
 10987 | Lair:3   | Noticed a boulder beetle
 11145 | Lair:3   | Killed a boulder beetle
 11250 | Lair:3   | Noticed a death yak
 11251 | Lair:3   | Noticed a death yak
 11287 | Lair:3   | Killed a death yak
 11288 | Lair:3   | Killed a death yak
 11289 | Lair:3   | Reached skill level 12 in Fighting
 12102 | Lair:4   | Noticed a catoblepas
 12232 | Lair:4   | HP: 1/112 [catoblepas (10)]
 12234 | Lair:4   | Slain by a bullfrog

Illustrated notes

Levels and vault maps discovered:
D:1:      nagdon_arrival_double_spiral, layout_basic
D:2:      layout_rooms, st_stairs_3
D:3:      wad_river_or_something, layout_basic, elyvilon_altar_4,
          shapermc_ecumenical_altar_acropolis, chequers_arboretum
D:4:      layout_basic, chequers_serial_rivers_small_b, grunt_decor_cap,
          amcnicky_mini_pool_small, uniq_ijyb, uniq_eustachio, uniq_menkaure,
          uniq_grinder
D:5:      layout_loops_cross, gammafunk_temple_overflow_wave, uniq_pikel
D:6:      layout_basic, minmay_temple_entry_stoned_glass, uniq_jeremiah
D:7:      layout_cave_pools, hangedman_glass_teeth,
          corexii_item_surrounded_by_moat, chequers_serial_rivers_large_b
D:8:      layout_cave_pools, dpeg_oklobed_lair, roderic_serpentine_path
D:9:      layout_cave_pods, marbit_many_paths, erik_orc_1, special_room
          [special_room_orc]
Temple:   nicolae_temple_bog_church
Lair:1:   layout_cave_pods, lemuel_fruit_tree, lemuel_fruit_fields,
          serial_bayou_shore_b, serial_bayou_shore_b
Lair:2:   layout_roguey, minmay_shoals_entry_hut, dummy_spider_entry,
          uniq_harold
Lair:3:   layout_hall_layers, serial_bayou_shore_b
Lair:4:   layout_cave_shapes, nzn_sisyphean_effort, uniq_urug

Skill      XL: |  1  2  3  4  5  6  7  8  9 10 11 12 |
---------------+-------------------------------------+-----
Dodging        | 2 3 4 5 6 8 9 10 | 10.4
Fighting       | 2 3 4 5 6 7 9 10 12 | 12.2
Unarmed Combat | 4 5 6 7 9 10 11 | 11.6
Shapeshifting  | 4 5 6 7 8 9 10 | 10.7

Action                     |  1- 3 |  4- 6 |  7- 9 | 10-12 || total
---------------------------+-------+-------+-------+-------++-------
  Melee: Unarmed           |   100 |   134 |   350 |   793 ||  1377
         Tailslap          |     9 |    17 |    67 |   166 ||   259
         Punch             |     3 |     2 |     6 |    57 ||    68
 Invoke: Lesser Servant of |       |       |       |     2 ||     2
Ability: Breathe Acid      |       |       |     7 |    10 ||    17
    Use: Scroll            |       |     7 |       |     8 ||    15
         Potion            |       |       |     1 |     4 ||     5
   Stab: Sleeping          |       |     4 |     2 |     1 ||     7
         Distracted        |       |       |     1 |     1 ||     2
         Confused          |       |       |       |     1 ||     1
         Invisible         |       |       |       |    12 ||    12
         Petrified         |       |       |       |     1 ||     1
 Armour: Skin              |    43 |    75 |   209 |   449 ||   776
  Dodge: Dodged            |    61 |    74 |   382 |   716 ||  1233
   Form: Flux              |       |       |     1 |       ||     1
         Beast             |       |       |     1 |       ||     1

Table legend: (Time is in decaauts)
 A = Elapsed time spent in this place.
 B = Non-inter-level travel time spent in this place.
 C = Inter-level travel time spent in this place.
 D = Time resting spent in this place.
 E = Time spent auto-exploring this place.
 F = Levels seen in this place.
 G = Mean time per level.
                   A        B        C        D        E       F      G
               +--------+--------+--------+--------+--------+-----+--------+
         Total |  12155 |  11481 |    674 |   1880 |   6791 |  14 |  868.2 |
       Dungeon |   8037 |   7644 |    393 |   1036 |   4791 |   9 |  893.0 |
        Temple |     49 |     44 |      5 |      0 |      0 |   1 |   49.0 |
          Lair |   4067 |   3791 |    276 |    844 |   1999 |   4 | 1016.8 |
               +--------+--------+--------+--------+--------+-----+--------+

Top non-repeatable levels by time:
  Lair:1: 1582 daAuts
  Lair:2: 1407 daAuts
     D:6: 1229 daAuts
     D:9: 1128 daAuts
     D:3: 1077 daAuts
  Lair:3: 1043 daAuts
     D:1: 874 daAuts
     D:8: 840 daAuts
     D:4: 795 daAuts
     D:5: 766 daAuts
     D:7: 742 daAuts
     D:2: 582 daAuts
  Temple: 49 daAuts
  Lair:4: 33 daAuts
